 Dungeon Crawl Stone Soup version 0.23-a0-396-g5214e5f (webtiles) character file.

35467 iamserjio the Nimble (level 13, -1/93 HPs)
             Began as an Octopode Air Elementalist on Nov 2, 2018.
             Was an Elder of Okawaru.
             Slain by a merfolk impaler
             ... wielding a +1 trident of venom
             ... created by the fury of Okawaru
              (16 damage)
             ... on level 9 of the Dungeon.
             The game lasted 01:09:05 (24424 turns).

iamserjio the Nimble (Octopode Air Elementalist)   Turns: 24424, Time: 01:09:06

Health: -1/93      AC:  1    Str: 10    XL:     13   Next: 84%
Magic:  29/29      EV: 24    Int: 18    God:    Okawaru [****..]
Gold:   426        SH:  6    Dex: 21    Spells: 11/16 levels left

rFire    x . .     SeeInvis .   y - +1 dagger (venom)
rCold    . . .     Gourm    .   w - +0 buckler
rNeg     + . .     Faith    .   j - +0 hat of Jyfimn {rPois rF- rN+ Dex+7}
rPois    +         Spirit   .   s - amulet of the acrobat
rElec    .         Reflect  .   B - ring of protection from magic
rCorr    .         Harm     .   M - ring of magical power
MR       +....                  (no ring)
Stlth    ++++++....             (no ring)
HPRegen  0.25/turn              (no ring)
MPRegen  0.21/turn              (no ring)
                                (no ring)
                                (no ring)

@: no status effects
A: almost no armour, stealthy swim, amphibious, 8 rings, constrict 8, camouflage
1, gelatinous body 1
a: Heroism, Renounce Religion


You were on level 9 of the Dungeon.
You worshipped Okawaru.
Okawaru was greatly pleased with you.
You were hungry.

You visited 3 branches of the dungeon, and saw 17 of its levels.
You also visited: Sewer and Ossuary.

You collected 1157 gold pieces.
You spent 731 gold pieces at shops.

Inventory:

Hand Weapons
 m - a +0 dagger of venom
 q - a +0 blowgun
 y - a +1 dagger of venom (weapon)
 D - a +0 scimitar
 O - a +0 blowgun
 S - a +2 dagger of distortion
Missiles
 g - 3 needles of frenzy
 i - 339 arrows
 u - 17 tomahawks (quivered)
 v - 3 poisoned javelins
 J - 4 needles of sleeping
 K - 8 tomahawks of dispersal
 P - 19 poisoned needles
 W - a throwing net {!f}
 Z - 15 curare-tipped needles {!f}
Armour
 j - the +0 hat of Jyfimn (worn) {rPois rF- rN+ Dex+7}
   (Okawaru gifted it to you on level 2 of the Lair of Beasts)

   It affects your dexterity (+7).
   It makes you vulnerable to fire.
   It protects you from poison.
   It protects you from negative energy.
 w - a +0 buckler (worn)
Jewellery
 h - an uncursed amulet of rage
 s - an amulet of the acrobat (around mantle)
 B - a ring of protection from magic (left tentacle)
 M - a ring of magical power (right tentacle)
Wands
 e - a wand of iceblast (4)
 n - a wand of acid (4)
 o - a wand of polymorph (5)
 z - a wand of random effects (18)
 V - a wand of enslavement (7)
Scrolls
 a - 2 scrolls of magic mapping
 c - 2 scrolls of blinking
 d - 3 scrolls of enchant armour
 f - 4 scrolls of fog
 l - 9 scrolls of remove curse {@r2}
 p - 4 scrolls of enchant weapon
 t - 8 scrolls of amnesia
 x - a scroll of immolation
 A - a scroll of teleportation
 E - a scroll of acquirement
 R - a scroll of noise {unknown}
 T - 2 scrolls of silence {unknown}
 U - 2 scrolls of fear {unknown}
Potions
 k - 2 potions of lignification
 r - 3 potions of brilliance
 C - a potion of cancellation
 F - a potion of magic
 G - 2 potions of mutation
 I - a potion of resistance
 N - a potion of flight
Miscellaneous
 L - a lightning rod (4/4)
Comestibles
 b - 31 rations


   Skills:
 + Level 10.7 Fighting
 - Level 2.3(6.0) Short Blades
 - Level 8.8(9.0) Long Blades
 - Level 2.0 Throwing
 + Level 12.2 Dodging
 - Level 12.0 Stealth
 - Level 4.0 Shields
 - Level 2.0 Spellcasting
 - Level 1.8 Conjurations
 - Level 1.0 Charms
 - Level 2.0 Necromancy
 - Level 3.0 Air Magic
 - Level 4.1 Invocations
 + Level 10.2 Evocations


You had 11 spell levels left.
You knew the following spells:

 Your Spells              Type           Power        Failure   Level  Hunger
a - Shock                 Conj/Air       ##..         7%          1    #......
b - Swiftness             Chrm/Air       #.......     12%         2    ###....
c - Animate Skeleton      Necr           N/A          8%          1    #......
d - Confusing Touch       Hex            #.....       19%         1    #......

Your spell library contained the following spells:

 Spells                   Type           Power        Failure   Level  Hunger
 Apportation              Tloc           #.....       19%         1    #......
 Summon Small Mammal      Summ           #...         19%         1    #......
 Static Discharge         Conj/Air       ##......     21%         3    ###....
 Airstrike                Air            ##........   45%         4    #####..
 Lightning Bolt           Conj/Air       ##........   88%         5    ######.


Dungeon Overview and Level Annotations

Branches:
Dungeon (11/15)            Temple (1/1) D:5            Lair (5/6) D:9
 Shoals (0/4) Lair:3        Snake (0/4) Lair:2          Orc (0/2) D:10
  Slime: Lair:5-6

Altars:
Ashenzari
Cheibriados
Dithmenos
Elyvilon
Fedhas
Gozag
Hepliaklqana
Kikubaaqudgha
Makhleb
Nemelex Xobeh
Okawaru
Qazlal
Ru
Sif Muna
Trog
Uskayaw
Vehumet
Wu Jian
Xom
Yredelemnul
Zin
The Shining One

Shops:
D:4 *   D:9 [   D:10 }

Annotations:
D:9 exclusion: 2 oklob plants
Lair:4 exclusion: 4 oklob plants


Innate Abilities, Weirdness & Mutations

You cannot wear most types of armour.
You are very stealthy in the water. (Stealth+)
You are amphibious.
You can wear up to eight rings at the same time.
You can use your tentacles to constrict eight enemies at once.
Your skin changes colour to match your surroundings (Stealth+).
Your rubbery body absorbs attacks. (AC +1, EV +1)


Message History

You feel sick.
You feel sick.
You feel sick.
You are no longer poisoned.
Okawaru sends forces against you!
Okawaru seems mollified.
A deep elf master archer, 3 merfolk, a tengu warrior and a tengu conjurer come A merfolk impaler is wielding a +1 trident of venom.
The tengu conjurer shouts!
There is an escape hatch in the ceiling here.
The merfolk hits you from afar with a +0 halberd.
The deep elf master archer wields a +0 longbow.
The deep elf master archer shoots an arrow.
The arrow hits you!!
* * * LOW HITPOINT WARNING * * *
The arrow disappears in a puff of smoke!
The tengu conjurer gestures wildly while chanting.
The tengu conjurer blinks!
The merfolk impaler hits you with a +1 trident of venom!
You die...

.ZZ.....#.#.#....####.....[÷#####
........#......_......#######
........######....#.### ........#
##...#.# #'####### #.###.# #.#
#.....# #.# ####.###### ..#
###..m...m..# # ## ######
##....QQ@.##.####.... .. .....#
##..#....m.##....'.... ..
.....###..##.e....######..... ..
.....))..###....§.# ... ..
.....##### #......# . .. ...###
#......# .. .P ....## ###.#####
... PP .....# #.....# ...P ..
...P.## #####.# #......PP$.


You could see a merfolk impaler, a deep elf master archer, a tengu warrior, 2
merfolk and a tengu conjurer.

Vanquished Creatures
  Snorg (Lair:3)
  A two-headed ogre (D:9)
  3 death yaks (Lair:5)
  Sonja (D:10)
  10 elephants
  Maurice (D:8)
  Joseph (D:9)
  A merfolk siren (Lair:3)
  Psyche (D:9)
  9 spiny frogs
  4 komodo dragons
  5 trolls
  A queen bee (D:10)
  2 hornets
  11 blink frogs
  7 dream sheep (Lair:5)
  7 hippogriffs
  Sigmund (D:4)
  16 yaks
  A hungry ghost (D:8)
  2 basilisks
  8 water moccasins
  A floating eye (D:9)
  6 porcupines
  A black bear (D:10)
  2 ice beasts
  10 orc warriors
  2 necrophages (D:9)
  2 phantoms
  40 wolves
  2 ogres
  10 centaurs
  4 crocodiles
  8 big kobolds
  9 bullfrogs
  Blork the orc (D:4)
  6 scorpions
  20 killer bees
  4 howler monkeys
  3 electric eels
  A centaur zombie (D:6)
  3 crimson imps
  5 hounds
  A jelly (D:4)
  A bullfrog skeleton (D:10)
  13 orc priests
  Crazy Yiuf (D:4)
  6 iguanas
  11 orc wizards
  5 worker ants
  A hound skeleton (D:5)
  A worker ant zombie (D:5)
  A howler monkey skeleton (D:4)
  15 adders
  3 river rats
  A shadow imp (D:8)
  6 oozes
  An adder zombie (D:7)
  An adder skeleton (D:8)
  7 worms
  2 dart slugs (D:2)
  7 leopard geckos
  55 orcs
  5 ball pythons
  7 giant cockroaches
  9 goblins
  7 hobgoblins
  10 jackals
  25 kobolds
  5 quokkas
  4 bats
  7 frilled lizards
  A hobgoblin zombie (Ossuary)
  A jackal zombie (D:5)
  14 rats
  A rat zombie (Ossuary)
469 creatures vanquished.

Vanquished Creatures (collateral kills)
  A hydra (Lair:4)
  A death yak (Lair:5)
  2 elephants (Lair:5)
  A spiny frog (Lair:2)
  A komodo dragon (Lair:5)
  2 blink frogs
  A hippogriff (Lair:5)
  A vampire (D:9)
  3 yaks
  A wyvern (D:9)
  2 water moccasins
  A wolf (Lair:3)
  A centaur (Lair:1)
  A crocodile (Lair:2)
  A big kobold (D:8)
  2 bullfrogs (Lair:5)
  2 killer bees (D:10)
  A jelly (D:8)
  An orc priest (D:10)
  An adder (D:10)
  An orc (D:8)
  2 fungi (Lair:1)
30 creatures vanquished.

Vanquished Creatures (others)
  A rime drake (Lair:5)
  14 fungi
  11 plants
26 creatures vanquished.

Grand Total: 525 creatures vanquished

Notes
Turn   | Place    | Note
-------+----------+-------------------------------------------
     0 | D:1      | iamserjio the Octopode Air Elementalist began the quest for
                  | the Orb.
     0 | D:1      | Reached XP level 1. HP: 11/11 MP: 3/3
   202 | D:1      | Reached XP level 2. HP: 18/18 MP: 3/5
   873 | D:1      | Learned a level 2 spell: Swiftness
  1010 | D:2      | Reached skill level 1 in Fighting
  1010 | D:2      | Reached XP level 3. HP: 17/23 MP: 1/6
  1456 | D:2      | Reached XP level 4. HP: 28/28 MP: 7/7
  1478 | D:2      | Learned a level 1 spell: Animate Skeleton
  1480 | D:2      | Learned a level 1 spell: Confusing Touch
  1524 | D:2      | Reached skill level 1 in Charms
  2027 | D:2      | Reached skill level 1 in Short Blades
  2927 | D:3      | Reached XP level 5. HP: 34/34 MP: 8/8
  3310 | D:4      | Noticed Sigmund
  3316 | D:4      | Killed Sigmund
  3316 | D:4      | Reached skill level 1 in Necromancy
  3316 | D:4      | Reached XP level 6. HP: 22/40 MP: 9/9
  3356 | D:4      | HP: 1/41 [acid (9)]
  3407 | D:4      | Found a sand-covered staircase.
  3413 | Ossuary  | Entered an ossuary
  4025 | D:4      | Reached XP level 7. HP: 39/45 MP: 10/10
  4273 | D:4      | Noticed Blork the orc
  4373 | D:4      | Found Zutug's Assorted Antiques.
  4376 | D:4      | Bought a bronze wand for 88 gold pieces
  4376 | D:4      | Bought a buckler for 99 gold pieces
  4376 | D:4      | Bought a scroll labeled WEUNIKKIRE for 22 gold pieces
  4467 | D:4      | Found a runed door.
  4471 | D:4      | Noticed Crazy Yiuf
  4479 | D:4      | Killed Crazy Yiuf
  4779 | D:4      | Killed Blork the orc
  4779 | D:4      | Reached skill level 1 in Shields
  5227 | D:4      | Reached skill level 5 in Dodging
  5227 | D:4      | Reached skill level 5 in Stealth
  5410 | D:5      | Entered Level 5 of the Dungeon
  5510 | D:5      | Reached XP level 8. HP: 10/54 MP: 11/11
  5702 | D:5      | Reached skill level 1 in Evocations
  5735 | D:5      | Found a glowing drain.
  5746 | Sewer    | Entered a sewer
  6637 | Sewer    | Reached XP level 9. HP: 60/60 MP: 12/12
  6646 | Sewer    | Reached skill level 5 in Fighting
  7478 | D:5      | Found a staircase to the Ecumenical Temple.
  7503 | Temple   | Entered the Ecumenical Temple
  7566 | Temple   | Became a worshipper of Warmaster Okawaru
  8081 | D:6      | Reached skill level 1 in Invocations
  8660 | D:6      | Found a sparkling altar of Nemelex Xobeh.
  9370 | D:7      | Reached * piety under Okawaru
  9556 | D:7      | Found a shimmering altar of Xom.
  9567 | D:7      | Found a snail-covered altar of Cheibriados.
  9568 | D:7      | Found a glowing golden altar of the Shining One.
 10083 | D:8      | Noticed Maurice
 10091 | D:8      | Killed Maurice
 10091 | D:8      | Reached XP level 10. HP: 69/69 MP: 10/13
 10102 | D:8      | Found an ornate altar of the Wu Jian Council.
 10478 | D:8      | Found an ancient bone altar of Kikubaaqudgha.
 10693 | D:9      | Noticed an oklob plant
 10819 | D:9      | Noticed an oklob plant
 10828 | D:9      | Paralysed by a floating eye for 3 turns
 10849 | D:9      | Noticed Psyche
 10853 | D:9      | Killed Psyche
 10945 | D:9      | Noticed a two-headed ogre
 10958 | D:9      | Paralysed by a floating eye for 4 turns
 10963 | D:9      | Paralysed by a floating eye for 2 turns
 10966 | D:9      | Reached skill level 1 in Long Blades
 11208 | D:9      | Killed a two-headed ogre
 11208 | D:9      | Reached ** piety under Okawaru
 11341 | D:9      | Noticed Joseph
 11358 | D:9      | Killed Joseph
 11655 | D:9      | Reached skill level 5 in Evocations
 11688 | D:9      | Found Votaolucag's Armour Boutique.
 11792 | D:9      | Found a white marble altar of Elyvilon.
 11847 | D:9      | Reached *** piety under Okawaru
 11847 | D:9      | Reached XP level 11. HP: 72/75 MP: 14/14
 12222 | D:9      | Found a staircase to the Lair.
 12288 | D:9      | Reached skill level 10 in Stealth
 12661 | D:9      | Found a hide-covered altar of Uskayaw.
 12888 | D:10     | Entered Level 10 of the Dungeon
 13478 | D:10     | Reached skill level 10 in Dodging
 13656 | D:10     | Noticed Sonja
 13662 | D:10     | Killed Sonja
 13662 | D:10     | Reached **** piety under Okawaru
 13752 | D:10     | Found Viereoq's Gadget Boutique.
 14257 | D:10     | Bought a wand of iceblast (7) for 132 gold pieces
 14257 | D:10     | Bought a wand of acid (6) for 240 gold pieces
 14257 | D:10     | Bought a wand of polymorph (5) for 84 gold pieces
 14996 | D:10     | Received a gift from Okawaru
 15139 | D:10     | Found a staircase to the Orcish Mines.
 15677 | D:11     | Noticed a cyclops
 15680 | D:11     | Noticed a two-headed ogre
 16263 | D:4      | Bought 3 scrolls labeled NOQOAFYFANU for 66 gold pieces
 16430 | Lair:1   | Entered Level 1 of the Lair of Beasts
 16756 | Lair:1   | Found a snail-covered altar of Cheibriados.
 16781 | Lair:1   | Reached skill level 1 in Throwing
 16898 | Lair:1   | Reached XP level 12. HP: 60/84 MP: 17/17
 16923 | Lair:1   | Reached ***** piety under Okawaru
 16923 | Lair:1   | Reached skill level 5 in Long Blades
 17167 | Lair:1   | Found a shimmering altar of Xom.
 18057 | Lair:1   | HP: 6/189 [yak (5)]
 18550 | Lair:2   | Received a gift from Okawaru
 18558 | Lair:2   | Got a heavily runed hat {god gift}
 18564 | Lair:2   | Identified the +0 hat of Jyfimn {rPois rF- rN+ Dex+7}
                  | (Okawaru gifted it to you on level 2 of the Lair of Beasts)
 18865 | Lair:2   | Found a staircase to the Snake Pit.
 19621 | Lair:2   | Identified a scroll of acquirement
 20174 | Lair:3   | Found a staircase to the Shoals.
 20199 | Lair:3   | Noticed Snorg
 20207 | Lair:3   | Killed Snorg
 21259 | Lair:4   | Noticed a five-headed hydra
 21372 | Lair:4   | Killed a five-headed hydra
 21372 | Lair:4   | Reached XP level 13. HP: 90/90 MP: 19/19
 21947 | Lair:4   | Received a gift from Okawaru
 22792 | Lair:5   | Found a bloodstained altar of Trog.
 22842 | Lair:5   | Reached skill level 10 in Fighting
 22999 | Lair:5   | Was placed under penance by Okawaru
 23780 | Lair:5   | Reached skill level 10 in Evocations
 23947 | Lair:5   | Noticed an orc warlord
 23947 | Lair:5   | Noticed a fire giant
 24232 | Lair:5   | Noticed a deep elf blademaster
 24232 | Lair:5   | Noticed a deep elf master archer
 24232 | Lair:5   | Noticed a white draconian
 24397 | D:9      | Noticed a deep elf master archer
 24397 | D:9      | Noticed a frost giant
 24422 | D:9      | Was forgiven by Okawaru
 24423 | D:9      | Noticed a merfolk impaler
 24423 | D:9      | Noticed a deep elf master archer
 24424 | D:9      | Slain by a merfolk impaler

Vault maps used:
D:1:      scummos_arrival_checkerplants, chequers_serial_rivers_micro_b,
          st_stairs_12, fountainhead
D:2:      minmay_cupped
D:4:      serial_shops, nicolae_shop_window_shopping,
          nicolae_ossuary_entry_plus, first_ration, minmay_misc_feat_pillars,
          uniq_blork_the_orc, uniq_crazy_yiuf_cottage, uniq_sigmund
D:5:      minmay_temple_entry_glass, portal_sewer_entry_a,
          kennysheep_big_empty_room, minmay_hedge_maze
D:6:      marbit_many_paths
D:7:      chequers_temple_overflow_statue_of_worship
D:8:      lemuel_coloured_pillars_altar, overflow_temple_1_default, uniq_maurice
D:9:      overflow_temple_1_default, nicolae_overflow_crystal_walls,
          david_lair_generic, special_room, serial_shops, shop_statue,
          disabler_island, uniq_psyche, uniq_joseph
D:10:     minmay_the_grid_octo_tiled_squarecenter, david_orc_4, serial_shops,
          shop, david_nohive_1, fungi_pond_lemuel, grunt_ministairs_1,
          uniq_sonja
D:11:     basic_altar
Temple:   nicolae_temple_great_sept
Lair:1:   basic_altar, lemuel_centaur_altar
Lair:2:   dummy_snake_entry, grunt_megastairs_3
Lair:3:   elwin_shoals_entry_rooms, lemuel_fruit_tree,
          infiniplex_staircase_pool_2, uniq_snorg
Lair:4:   minmay_lair_oklob_tunnel
Lair:5:   basic_altar, eino_small_chamber_without_monster,
          grunt_forest_large_clearings
Sewer:    sewer_co_tree
Ossuary:  ossuary_minmay_tomb_2a

Skill      XL: |  1  2  3  4  5  6  7  8  9 10 11 12 13 |
---------------+----------------------------------------+-----
Fighting       | 1 2 3 4 6 7 8 9 10 | 10.7
Dodging        | 3 4 5 6 8 9 10 11 12 | 12.2
Charms         | 1 |  1.0
Short Blades   | 1 2 |  2.3
Stealth        | 3 4 5 7 8 9 11 12 | 12.0
Necromancy     | 1 2 |  2.0
Shields        | 2 4 |  4.0
Evocations     | 2 3 5 6 8 10 | 10.2
Invocations    | 2 4 |  4.1
Long Blades    | 2 4 7 8 |  8.8
Throwing       | 1 2 |  2.0
Spellcasting   | |  2.0
Conjurations   | |  1.8
Air Magic      | |  3.0

Action                   |  1- 3 |  4- 6 |  7- 9 | 10-12 | 13-15 || total
-------------------------+-------+-------+-------+-------+-------++-------
Melee: Unarmed           |     3 |       |       |       |       ||     3
       Dagger            |    36 |   110 |   395 |   466 |    71 ||  1078
       Constrict         |    11 |    30 |    75 |   104 |    27 ||   247
       Tentacles         |     5 |    23 |    69 |   165 |    74 ||   336
       Flail             |       |       |     8 |       |       ||     8
       Punch             |       |       |       |    20 |     3 ||    23
       Scimitar          |       |       |       |   244 |   154 ||   398
 Fire: Blowgun           |       |       |       |    20 |       ||    20
Throw: Tomahawk          |       |       |       |     6 |       ||     6
       Stone             |       |       |       |     1 |       ||     1
 Cast: Shock             |    34 |     5 |     2 |       |       ||    41
       Animate Skeleton  |       |       |       |    48 |    32 ||    80
Invok: Heroism           |       |       |     2 |    48 |     8 ||    58
Evoke: Wand              |       |       |    20 |    53 |     1 ||    74
       Lightning rod     |       |       |       |     1 |     3 ||     4
  Use: Scroll            |     3 |     3 |     5 |    16 |     7 ||    34
       Potion            |       |     1 |     4 |    12 |     1 ||    18
 Stab: Sleeping          |     6 |    18 |    31 |    40 |    14 ||   109
       Paralysed         |       |       |     1 |     1 |       ||     2
       Distracted        |       |       |       |     4 |     4 ||     8
  Eat: Chunk             |     2 |     8 |    16 |    35 |     9 ||    70
       Ration            |       |       |     1 |     1 |       ||     2
Armor: Skin              |     4 |       |     6 |    30 |     3 ||    43
Dodge: Dodged            |    28 |    62 |   199 |   463 |   173 ||   925
Block: Buckler           |       |       |    47 |   163 |    64 ||   274
       Rpst.: Scimitar   |       |       |       |    45 |    31 ||    76

Table legend:
 A = Non-vault XP
 B = Vault XP
 C = Vault XP percentage of total XP
 D = Non-vault monster count
 E = Vault monster count
 F = Vault count percentage of total count
                 A         B        C        D         E       F
            +---------+---------+-------+---------+---------+-------
      Total |   37936 |   12732 |  25.1 |     346 |     151 |  30.4
            +---------+---------+-------+---------+---------+-------
        D:1 |      21 |       1 |   4.5 |      13 |       1 |   7.1
        D:2 |     102 |       5 |   4.7 |      28 |       4 |  12.5
        D:3 |      45 |       0 |   0.0 |      18 |       0 |   0.0
        D:4 |     535 |     349 |  39.5 |      24 |       3 |  11.1
        D:5 |    1413 |      32 |   2.2 |      35 |       6 |  14.6
        D:6 |     591 |       0 |   0.0 |      19 |       0 |   0.0
        D:7 |     692 |       0 |   0.0 |      22 |       0 |   0.0
        D:8 |     755 |     493 |  39.5 |      28 |       1 |   3.4
        D:9 |    3325 |    2148 |  39.2 |      26 |      25 |  49.0
       D:10 |    1433 |    3672 |  71.9 |      14 |      46 |  76.7
     Lair:1 |    6159 |     392 |   6.0 |      31 |       4 |  11.4
     Lair:2 |    2454 |     230 |   8.6 |      11 |       2 |  15.4
     Lair:3 |    3202 |    1604 |  33.4 |      21 |       2 |   8.7
     Lair:4 |    7253 |       0 |   0.0 |      24 |       0 |   0.0
     Lair:5 |    9956 |    3031 |  23.3 |      32 |      27 |  45.8
      Sewer |       0 |     773 | 100.0 |       0 |      28 | 100.0
    Ossuary |       0 |       2 | 100.0 |       0 |       2 | 100.0
            +---------+---------+-------+---------+---------+-------
